 Dungeon Crawl Stone Soup version 0.16-a0-3159-ge6ac362 (webtiles) character file.

778 LogicNinja the Conjurer (level 7, -2/50 HPs)
             Began as a Salamander Fire Elementalist on Jan 10, 2015.
             Slain by a centaur (4 damage)
             ... on level 5 of the Dungeon.
             The game lasted 00:10:16 (5172 turns).

LogicNinja the Conjurer (SaFE)                      Turns: 5172, Time: 00:10:16

Health: -2/50      AC:  4    Str:  3 (7)  XL:     7   Next: 54%
Magic:  14/18      EV: 12    Int: 17      God:
Gold:   196        SH:  0    Dex: 15      Spells: 4 memorised, 4 levels left

rFire  + . .     SeeInvis .     a - +5 whip (elec)
rCold  . . .     Clarity  .     A - +0 robe
rNeg   . . .     SustAb   .     (no shield)
rPois  .         Gourm    .     (no helmet)
rElec  .         Spirit   .     (no cloak)
rCorr  .         Warding  .     (no gloves)
rMut   .         Stasis   .     (no barding)
MR     .....                    (no amulet)
Stlth  ++........               G - ring of protection from cold
                                q - ring of teleport control

@: very slow, not resistant to hostile enchantments, unstealthy
A: fiery attack, deterioration 1, fire resistance 1, slowness 2, tough skin 2,
cold vulnerability 1
a: Evoke Teleport Control


You were on level 5 of the Dungeon.
You were hungry.

You visited 1 branch of the dungeon, and saw 5 of its levels.

You collected 196 gold pieces.

Inventory:

Hand weapons
 a - a +5 whip of electrocution (weapon)
 b - a +0 blowgun
Missiles
 x - 7 curare-tipped needles
Armour
 n - a +0 buckler
 A - a +0 robe (worn)
Jewellery
 q - a ring of teleport control (left hand)
 G - a ring of protection from cold (right hand)
Magical devices
 t - a wand of digging (19)
Scrolls
 d - 3 scrolls of remove curse
 e - 2 scrolls of enchant armour {unknown}
 h - a scroll of amnesia {unknown}
 i - a scroll of immolation {unknown}
 j - 2 scrolls of recharging {unknown}
 k - a scroll of fog {unknown}
 m - 6 scrolls of identify {unknown}
 p - a scroll of random uselessness {unknown}
 s - a scroll of teleportation {unknown}
 w - 2 scrolls of fear {unknown}
 C - a scroll of torment {unknown}
 D - a scroll of blinking {unknown}
 I - a scroll of magic mapping {unknown}
Books
 y - a book of Flames

   Spells                             Type                      Level
   a - Flame Tongue                   Conjuration/Fire             1
   b - Throw Flame                    Conjuration/Fire             2
   c - Conjure Flame                  Conjuration/Fire             3
   d - Inner Flame                    Hexes/Fire                   3
   e - Sticky Flame                   Conjuration/Fire             4
   f - Fireball                       Conjuration/Fire             5
Comestibles
 c - 5 bread rations
 g - a slice of pizza
 v - a meat ration
 z - a royal jelly
 F - a fruit
 H - 2 beef jerkies


   Skills:
 - Level 2.0 Dodging
 - Level 2.1 Stealth
 - Level 4.1 Spellcasting
 * Level 7.1 Conjurations
 + Level 6.7 Fire Magic


You had 4 spell levels left.
You knew the following spells:

 Your Spells              Type           Power        Failure   Level  Hunger
a - Flame Tongue          Conj/Fire      ####.        1%          1    None
b - Throw Flame           Conj/Fire      ####..       1%          2    ##.....
d - Conjure Flame         Conj/Fire      ####....     3%          3    ###....
e - Sticky Flame          Conj/Fire      ####....     12%         4    ####...


Dungeon Overview and Level Annotations

Branches:
Dungeon (5/15)
 Temple: D:4-7

Altars:
Ashenzari
Sif Muna


Innate Abilities, Weirdness & Mutations

Your melee attacks set your foes ablaze.
You cannot wear boots.
Your flesh is heat resistant.
You cover ground very slowly.
You have very tough skin (AC +2).
You are vulnerable to cold.
Your body is slowly deteriorating.


Message History

A centaur is nearby!
You aren't carrying any potions.
You aren't carrying any potions.
The centaur shoots an arrow.
The arrow hits you.
* * * LOW HITPOINT WARNING * * *
The centaur shoots an arrow.
The arrow closely misses you.
You see here an arrow.
The centaur unwields an uncursed shortbow.
The centaur closely misses you.
Casting: Flame Tongue
Confirm with . or Enter, or press ? or * to list all spells.
Aiming: Sticky Flame
Press: ? - help, Shift-Dir - straight line, f - centaur
Aim: a centaur The sticky flame hits the centaur.
The centaur is moderately wounded.
The centaur is covered in liquid flames!
You are feeling hungry.
The centaur burns!
The centaur misses you. The centaur hits you.
You die...

#..# #.# #..#
#.# #..####
#.#
######.....#
#.#
........##.##
#.#
##########..#
#.# # ##.#
#.# # #.# #c#
# #.# #@# ##
#.# #(# .##
#.# #.# ..#
#.# #(# ..#
#.# #(# .##
#.# #(# .#
#(# ..# #(#
... #.#


You could see a centaur (burning).

Vanquished Creatures
  An ogre (D:5)
  A phantom (D:5)
  A sky beast (D:5)
  The ghost of LogicNinja the Firebug, an average SaFE (D:3)
  A quasit (D:5)
  A crimson imp (D:5)
  A hound (D:5)
  A worker ant (D:4)
  Ijyb (D:3)
  3 gnolls (D:4)
  A shadow imp (D:5)
  12 adders
  A giant mite (D:2)
  3 worms
  2 giant geckos
  2 oozes
  4 orcs
  26 bats
  4 giant cockroaches
  15 goblins
  8 hobgoblins
  11 jackals
  2 quokkas
  2 giant gecko skeletons
  2 giant gecko zombies (D:5)
  3 giant newts
  A jackal skeleton (D:4)
  17 kobolds
  12 rats
140 creatures vanquished.

Notes
Turn   | Place    | Note
--------------------------------------------------------------
     0 | D:1      | LogicNinja, the Salamander Fire Elementalist, began the quest for the Orb.
     0 | D:1      | Reached XP level 1. HP: 14/14 MP: 3/3
   530 | D:1      | Reached XP level 2. HP: 15/20 MP: 0/6
   648 | D:1      | Learned a level 2 spell: Throw Flame
  1163 | D:2      | Reached XP level 3. HP: 5/26 MP: 0/9
  1262 | D:2      | Learned a level 3 spell: Conjure Flame
  1740 | D:2      | Reached XP level 4. HP: 33/33 MP: 10/12
  1746 | D:2      | Learned a level 4 spell: Sticky Flame
  2558 | D:3      | Reached XP level 5. HP: 35/38 MP: 12/15
  2764 | D:3      | Noticed LogicNinja's ghost (average SaFE)
  2780 | D:3      | Killed LogicNinja's ghost
  2780 | D:3      | Reached skill level 5 in Fire Magic
  3569 | D:3      | Reached XP level 6. HP: 45/45 MP: 11/17
  3702 | D:3      | Noticed Ijyb
  3711 | D:3      | Killed Ijyb
  4032 | D:4      | Reached skill level 5 in Conjurations
  4367 | D:4      | Found a shattered altar of Ashenzari.
  4522 | D:5      | Entered Level 5 of the Dungeon
  4594 | D:5      | Reached skill level 6 in Conjurations
  4664 | D:5      | Gained mutation: Your flesh is heat resistant. [salamander growth]
  4664 | D:5      | Reached XP level 7. HP: 24/50 MP: 13/18
  4962 | D:5      | Gained mutation: Your body is slowly deteriorating. [mutagenic meat]
  5009 | D:5      | Reached skill level 7 in Conjurations
  5099 | D:5      | Found a deep blue altar of Sif Muna.
  5170 | D:5      | HP: 1/50 [centaur/arrow (5)]
  5172 | D:5      | Slain by a centaur

Action                   |  1- 3 |  4- 6 |  7- 9 || total
-------------------------+-------+-------+-------++-------
Melee: Unarmed           |    56 |     8 |       ||    64
       Whip              |       |    47 |    18 ||    65
       Short sword       |       |     3 |       ||     3
 Cast: Flame Tongue      |    66 |   131 |    15 ||   212
       Throw Flame       |       |    13 |     1 ||    14
       Conjure Flame     |       |     2 |       ||     2
       Sticky Flame      |       |     1 |     2 ||     3
  Use: Scroll            |       |     1 |       ||     1
       Potion            |       |       |     7 ||     7
 Stab: Distracted        |       |     1 |       ||     1
  Eat: Chunk             |     2 |     9 |     4 ||    15
